 Dungeon Crawl Stone Soup version 0.30.0-19-g36f170ea60 (webtiles) character file.

Game seed: 4807944981460484174

222 Graphine the Ducker (level 5, 0/57 HPs)
             Began as a Merfolk Monk on May 28, 2023.
             Was a Believer of Hepliaklqana.
             Slain by a hobgoblin (4 damage)
             ... led by Robin
             ... on level 4 of the Dungeon.
             The game lasted 00:05:56 (2109 turns).

Graphine the Ducker (Merfolk Monk)                  Turns: 2109, Time: 00:05:56

Health: 0/57       AC:  4    Str:  9    XL:     5   Next: 99%
Magic:  6/6        EV: 14    Int:  9    God:    Hepliaklqana [**....]
Gold:   182        SH:  4    Dex: 19    Spells: 4/4 levels left

rFire   . . .        a - +0 falchion
rCold   . . .        s - +0 buckler
rNeg    . . .        b - +0 robe
rPois   .            (no helmet)
rElec   .            (no cloak)
rCorr   .            (no gloves)
SInv    .            (no boots)
Will    .....        (no amulet) Stlth
                     (no ring)
HPRegen 0.29/turn    (no ring)
MPRegen 0.10/turn

%: no passive effects
@: berserking, silenced, very quick
A: reduced essence, (nimble swimmer 2), mertail, iridescent scales 1, weak 1,
MP-powered wands
a: Renounce Religion


You were on level 4 of the Dungeon.
You worshipped Hepliaklqana.
Hepliaklqana was pleased with you.
You visited 1 branch of the dungeon, and saw 4 of its levels.

You collected 182 gold pieces.

Inventory:

Hand Weapons
 a - a +0 falchion (weapon)
Missiles
 h - 5 boomerangs
 i - 2 atropa-tipped darts
 l - a throwing net
 w - 6 silver javelins (quivered)
Armour
 b - a +0 robe (worn)
 d - an orb of light
 s - a +0 buckler (worn)
Jewellery
 y - a ring of fire
Scrolls
 f - 4 scrolls of identify {unknown}
 k - a scroll of fog {unknown}
 n - 2 scrolls of magic mapping {unknown}
 p - 2 scrolls of teleportation {unknown}
 x - a scroll of poison {unknown}
Potions
 c - a potion of ambrosia
 m - a potion of invisibility {unknown}
 o - a potion of might {unknown}
 q - a potion of curing {unknown}
 r - a potion of haste {unknown}
 t - a potion of brilliance {unknown}
 u - a potion of degeneration {unknown}
 v - a potion of attraction {unknown}


   Skills:
 + Level 4.5 Fighting
 + Level 4.9 Long Blades
 + Level 5.6 Dodging
 + Level 1.2 Shields
 + Level 2.0 Invocations


You had 4 spell levels left.
You didn't know any spells.
Your spell library contained the following spells:

 Spells                   Type           Power      Damage    Failure   Level
 Sting                    Tmut/Pois      0%         1d3       52%         1
 Sublimation of Blood     Necr           0%         N/A       67%         2
 Portal Projectile        Hex/Tloc       0%         N/A       88%         3
 Tukima's Dance           Hex            0%         N/A       88%         3
 Petrify                  Tmut/Erth      0%         N/A       99%         4
 Blade Hands              Tmut           0%         N/A       100%        5
 Irradiate                Conj/Tmut      0%         3d11      100%        5
 Simulacrum               Ice/Necr       0%         N/A       100%        6
 Ozocubu's Refrigeration  Ice            0%         4d7       100%        7
 Polar Vortex             Ice            0%         N/A       100%        9


Dungeon Overview and Level Annotations

Branches:
Dungeon (4/15)
 Temple: D:4-7

Altars:
Gozag
Hepliaklqana

Annotations:
D:4 Robin


Innate Abilities, Weirdness & Mutations

Your life essence is reduced to manifest your ancestor. (-10% HP)
((You are very nimble when in or above water. (Stealth+, EV+, Speed+++)))
Your lower body shifts to a powerful aquatic tail in water.
You are partially covered in iridescent scales. (AC +2)
You are weak. (Str -2)
You expend magic power (3 MP) to strengthen your wands.


Message History

The hobgoblin misses you. The goblin closely misses you.
The hobgoblin barely misses you. The hobgoblin closely misses you.
It was a potion of berserk rage.
A red film seems to cover your vision as you go berserk!
You feel yourself moving faster!
You feel mighty! The goblin hits you with a +0 dagger.
* * * LOW HITPOINT WARNING * * *
You block the goblin's attack. The hobgoblin closely misses you.
The goblin hits you with a +0 club.
* * * LOW HITPOINT WARNING * * *
The hobgoblin barely misses you. The hobgoblin closely misses you.
Hit: a) +0 falchion
Press: ? - help, Dir - move target, f - goblin
Aim: a goblin, wielding a +0 club (silenced, about 41% to evade your +0 falchion)
You barely miss the goblin. The goblin completely misses you.
The hobgoblin closely misses you. You block the goblin's attack.
The goblin misses you. The hobgoblin barely misses you. x2
Unknown command.
Unknown command.
Unknown command.
Hit: a) +0 falchion
Press: ? - help, Dir - move target, f/p - goblin
Aim: a goblin, wielding a +0 club (silenced, about 41% to evade your +0 falchion)
You slash the goblin!
You kill the goblin!
Unknown command.
Hit: a) +0 falchion
Press: ? - help, Dir - move target, f - goblin
Aim: a goblin, wielding a +0 club (silenced, strong, about 41% to evade your +0 falchion)
You completely miss the goblin. You block the goblin's attack.
The goblin misses you. The hobgoblin closely misses you.
The hobgoblin completely misses you. You block the hobgoblin's attack.
Hit: a) +0 falchion
Press: ? - help, Dir - move target, f/p - goblin
Aim: a goblin, wielding a +0 club (silenced, strong, about 41% to evade your +0 falchion)
You slash the goblin!
You kill the goblin!
You block the goblin's attack. The hobgoblin barely misses you.
The hobgoblin hits you.
You die...

.....### ...
##..##.........
...###...#...##...†.
............##..... .
...........##..... ...
##..........#.....
....###..........##.....
#...gg)...............
#..gg@)!..............
.....)g##...............
....... ##..............
....... #..............
....... ##.............
....... ##............
......> #............
....... ......#......
......#..


You could see Robin, 3 hobgoblins and a goblin (strong).

Vanquished Creatures
  An orc wizard (D:3)
  2 adders (D:4)
  2 dart slugs (D:1)
  3 orcs (D:3)
  5 bats
  6 endoplasms
  2 giant cockroaches
  11 goblins
  11 hobgoblins
  2 jackals (D:3)
  7 kobolds
  3 quokkas
  7 ball pythons
  3 frilled lizards
  7 rats
72 creatures vanquished.

Vanquished Creatures (collateral kills)
  A scorpion (D:4)
  2 adders (D:4)
  2 dart slugs (D:4)
  3 orcs
  2 ball pythons (D:2)
  3 goblins
  2 kobolds (D:4)
15 creatures vanquished.

Vanquished Creatures (others)
  A hexer (D:4)
1 creature vanquished.

Grand Total: 88 creatures vanquished

Notes
Turn   | Place    | Note
-------+----------+-------------------------------------------
     0 | D:1      | Graphine the Merfolk Monk began the quest for the Orb.
     0 | D:1      | Reached XP level 1. HP: 18/18 MP: 1/1
    31 | D:1      | Reached XP level 2. HP: 8/24 MP: 2/2
   297 | D:1      | Reached XP level 3. HP: 21/30 MP: 3/3
   652 | D:2      | Found a hazy altar of Hepliaklqana.
   719 | D:2      | Became a worshipper of Hepliaklqana the Forgotten
   719 | D:2      | Reached * piety under Hepliaklqana
   719 | D:2      | Reached ** piety under Hepliaklqana
   997 | D:2      | Found a faded altar of an unknown god.
  1012 | D:2      | Got Plato's Vademecum on the Queen Bee
  1173 | D:2      | Reached XP level 4. HP: 31/33 MP: 4/4
  1190 | D:2      | Remembered your ancestor Synnove as a hexer
  1353 | D:3      | Reached skill level 5 in Dodging
  1353 | D:3      | Reached skill level 1 in Invocations
  1821 | D:4      | Reached XP level 5. HP: 37/37 MP: 4/6
  1849 | D:4      | Found an opulent altar of Gozag.
  1949 | D:4      | Reached skill level 1 in Shields
  2090 | D:4      | Noticed Robin
  2104 | D:4      | Gained mutation: You are weak. (Str -2) [potion of
                  | mutation]
  2104 | D:4      | Gained mutation: You expend magic power (3 MP) to
                  | strengthen your wands. [potion of mutation]
  2104 | D:4      | Gained mutation: You are partially covered in iridescent
                  | scales. (AC +2) [potion of mutation]
  2109 | D:4      | Slain by a hobgoblin

Illustrated notes

Levels and vault maps discovered:
D:1:      psy_arrival_terrarium, layout_rooms
D:2:      layout_rooms, basic_altar, shapermc_ecumenical_altar_rom_forum
D:3:      layout_basic
D:4:      layout_cave_pools, mainiacjoe_overflow_paths,
          gammafunk_temple_overflow_forgotten, nicolae_overflow_crystal_walls,
          serial_bayou_pond_b, uniq_robin

Skill      XL: |  1  2  3  4  5 |
---------------+----------------+-----
Long Blades    | 4 |  4.9
Fighting       | 4 |  4.5
Dodging        | 5 |  5.6
Invocations    | 1 2 |  2.0
Shields        | 1 |  1.2

Action                     |  1- 3 |  4- 6 || total
---------------------------+-------+-------++-------
  Melee: Falchion          |    97 |    77 ||   174
 Invoke: Ancestor Life: He |       |     1 ||     1
    Use: Potion            |       |     2 ||     2
         Scroll            |       |     1 ||     1
   Stab: Distracted        |       |     1 ||     1
         Confused          |       |     1 ||     1
 Armour: Robe              |    16 |     8 ||    24
  Dodge: Dodged            |    75 |    68 ||   143
  Block: Buckler           |       |    23 ||    23
